 Dungeon Crawl Stone Soup version 0.21.1-1-g345015fe64 (webtiles) character file.

26 KingHarkinian the Chopper (level 2, 0/26 HPs)
             Began as a Minotaur Berserker on Apr 16, 2018.
             Was a Follower of Trog.
             Slain by Sigmund
             ... wielding a +0 scythe
              (2 damage)
             ... on level 2 of the Dungeon.
             The game lasted 00:05:12 (1321 turns).

KingHarkinian the Chopper (Minotaur Berserker)      Turns: 1321, Time: 00:05:12

Health: 0/26       AC:  6    Str: 21    XL:     2   Next: 89%
Magic:  1/1        EV: 12    Int:  4    God:    Trog [*.....]
Gold:   73         SH:  0    Dex:  9    Spells: 1/1 levels left

rFire    . . .     SeeInvis .   a - +0 hand axe
rCold    . . .     Gourm    +   (no shield)
rNeg     . . .     Faith    .   f - +0 acid dragon scales
rPois    .         Spirit   .   (helmet restricted)
rElec    .         Reflect  .   (no cloak)
rCorr    +         Harm     .   (no gloves)
MR       .....                  (no boots)
Stlth    +.........             e - amulet of the gourmand
HPRegen  0.08/turn              (no ring)
MPRegen  0.07/turn              (no ring)

@: berserk cooldown, slowed, very slow
A: retaliatory headbutt, horns 2
a: Berserk, Burn Spellbooks, Renounce Religion


You were on level 2 of the Dungeon.
You worshipped Trog.
Trog was aware of your devotion.
You were not hungry.

You visited 1 branch of the dungeon, and saw 2 of its levels.

You collected 73 gold pieces.


Innate Abilities, Weirdness & Mutations

You reflexively headbutt those who attack you in melee.
You have a pair of horns on your head.


   Skills:
 - Level 3.6 Fighting
 + Level 5.0 Axes
 - Level 2.4 Armour
 - Level 2.1 Dodging


You had one spell level left.
You didn't know any spells.

Inventory:

Hand Weapons
 a - a +0 hand axe (weapon)
Missiles
 h - 17 stones (quivered)
Armour
 b - a +0 leather armour
 f - +0 acid dragon scales (worn)
Jewellery
 e - an amulet of the gourmand (around neck)
Scrolls
 c - a scroll of fear {unknown}
 d - a scroll of enchant weapon {unknown}
 i - 2 scrolls of identify {unknown}
Potions
 g - a potion of curing {unknown}
 j - a potion of brilliance {unknown}
Comestibles
 z - 2 rations

Dungeon Overview and Level Annotations

Branches:
Dungeon (2/15)

Altars:

Annotations:
D:2 Sigmund

### ### #.###### #.#
#......# ..# #.####.# #.#
#.# #.#.##.####### #.#
#.#..........#### #.#
#.####.##.......#
#.####..........{.##.###
#.........###...@.......
#########.#....#..#.....#
#.#.##.#..#.....#
#.#.)..#..# $...# #.#
#..#..# ....# #.#
#..#..#.....# #######.#
#..####.....#
#.......###..# #.....#
##.#....#....####..#.##


There were no monsters in sight!


Message History

You bump into the rock wall.
Sigmund hits you from afar with a scythe.
* * * LOW HITPOINT WARNING * * *
You feel your anger nearly subside.
You are no longer berserk.
You are exhausted.
You feel yourself slow down. Sigmund hits you but does no damage.
You feel less confused. Sigmund misses you.
You closely miss Sigmund.
Sigmund is severely wounded.
Sigmund barely misses you.
You closely miss Sigmund.
Sigmund is severely wounded.
Sigmund gestures wildly while chanting.
Sigmund flickers and vanishes!
Deactivating autopickup; reactivate with Ctrl-A.
Something hits you!
* * * LOW HITPOINT WARNING * * *
You closely miss something. Something hits you.
* * * LOW HITPOINT WARNING * * *
You miss something. You headbutt something. Something hits you.
* * * LOW HITPOINT WARNING * * *
You completely miss something. Something hits you.
You die...

Action                   || total
-------------------------++-------
Melee: Hand axe          ||    39
       Headbutt          ||     7
Throw: Stone             ||    37
Invok: Berserk           ||     1
  Eat: Chunk             ||     7
Armor: Animal skin       ||     2
       Acid dragon scale ||     9
Dodge: Dodged            ||    22

Vault maps used:
D:1:      sevenhm_arrival_forest_fort_small_3
D:2:      nicolae_overflow_crystal_walls, chequers_ecumenical_altar_grove,
          okawaru_ov_weapons_minmay, uniq_sigmund, uniq_terence

Notes
Turn   | Place    | Note
-------+----------+-------------------------------------------
     0 | D:1      | KingHarkinian the Minotaur Berserker began the quest for the Orb.
     0 | D:1      | Reached XP level 1. HP: 19/19 MP: 0/0
    47 | D:1      | Reached skill level 4 in Axes
   273 | D:1      | Reached XP level 2. HP: 26/26 MP: 1/1
   920 | D:2      | Reached skill level 5 in Axes
   982 | D:2      | Noticed Sigmund
  1320 | D:2      | HP: 2/26 [something (2)]
  1321 | D:2      | Slain by Sigmund

Vanquished Creatures
  2 dart slugs
  3 bats (D:1)
  A giant cockroach (D:2)
  A goblin (D:1)
  3 hobgoblins
  4 jackals (D:1)
  A ball python (D:1)
  A frilled lizard (D:2)
  2 kobolds (D:1)
  3 rats (D:1)
21 creatures vanquished.
